 Dungeon Crawl Stone Soup version 0.19.0-19-g8c6edcc (webtiles) character file.

15010 HungrySpirit the Cruncher (level 11, -2/87 HPs)
             Began as a Mummy Gladiator on Nov 12, 2016.
             Was an Initiate of Gozag.
             Slain by a shadow wraith (7 damage)
             ... on level 11 of the Dungeon.
             The game lasted 00:22:54 (15203 turns).

HungrySpirit the Cruncher (Mummy Gladiator)        Turns: 15203, Time: 00:22:55

Health: -2/87      AC: 21    Str: 28    XL:     11   Next: 96%
Magic:  11/11      EV:  8    Int:  7    God:    Gozag
Gold:   1243       SH:  0    Dex: 12    Spells: 0 memorised, 10 levels left

rFire  . . .     SeeInvis .     m - +2 lajatang (elec)
rCold  + . .     Gourm    .     j - +1 plate armour
rNeg   + + +     Faith    .     (shield currently unavailable)
rPois  ∞         Spirit   .     n - +2 helmet
rElec  .         Reflect  .     (no cloak)
rCorr  .         Harm     .     a - +2 pair of gloves
MR     +....                    q - +0 pair of boots
Stlth  ..........               (no amulet)
                                v - +5 ring of strength
                                g - ring of protection from fire

@: gold aura, slowed, very slow
A: no food or potions, fire vulnerability, cold resistance 1, negative energy
resistance 3, torment resistance, unbreathing
a: Potion Petition, Call Merchant, Bribe Branch, Renounce Religion


You were on level 11 of the Dungeon.
You worshipped Gozag.
Gozag was most pleased with you.
You were not hungry.

You visited 3 branches of the dungeon, and saw 13 of its levels.

You collected 1939 gold pieces.
You paid 696 gold pieces to Gozag.

Inventory:

Hand Weapons
 m - a +2 lajatang of electrocution (weapon)
 u - a +1 quarterstaff
Missiles
 d - 3 throwing nets (quivered)
Armour
 a - a +2 pair of gloves (worn)
 j - a +1 plate armour (worn)
 n - a +2 helmet (worn)
 q - a +0 pair of boots (worn)
Jewellery
 g - a ring of protection from fire (left hand)
 v - a +5 ring of strength (right hand)
Wands
 l - a wand of flame (9/48)
 o - a wand of flame (0/48)
 r - a wand of acid (0/15)
 t - a wand of polymorph (7/24)
Scrolls
 b - 2 scrolls of recharging
 c - 5 scrolls of teleportation
 e - 5 scrolls of noise
 f - 3 scrolls of identify
 h - 3 scrolls of magic mapping
 i - 2 scrolls of blinking
 k - 4 scrolls of fear
 s - a scroll of remove curse
 x - a scroll of fog
Books
 p - a book of Battle

   Spells                             Type                      Level
   a - Infusion                       Charms                       1
   b - Shroud of Golubria             Charms/Translocation         2
   c - Song of Slaying                Charms                       2
   d - Spectral Weapon                Hexes/Charms                 3
   e - Regeneration                   Charms/Necromancy            3
 w - a book of Minor Magic

   Spells                             Type                      Level
   a - Magic Dart                     Conjuration                  1
   b - Blink                          Translocation                2
   c - Call Imp                       Summoning                    2
   d - Repel Missiles                 Charms/Air                   2
   e - Slow                           Hexes                        2
   f - Conjure Flame                  Conjuration/Fire             3
   g - Mephitic Cloud                 Conjuration/Poison/Air       3


   Skills:
 + Level 8.6 Fighting
 * Level 13.4 Staves
 - Level 1.5 Throwing
 + Level 5.7 Armour
 - Level 2.4 Dodging


You had 10 spell levels left.
You didn't know any spells.

Dungeon Overview and Level Annotations

Branches:
Dungeon (11/15)            Temple (1/1) D:4            Lair (1/6) D:10
    Orc: D:9-12

Altars:
Ashenzari
Cheibriados
Dithmenos
Elyvilon
Fedhas
Gozag
Hepliaklqana
Kikubaaqudgha
Makhleb
Nemelex Xobeh
Okawaru
Qazlal
Ru
Sif Muna
Trog
Uskayaw
Vehumet
Xom
Yredelemnul
Zin
The Shining One

Shops:
D:5 :   D:8 *   D:10 *

Annotations:
D:8 exclusion: ice statue


Innate Abilities, Weirdness & Mutations

You do not eat or drink.
Your flesh is vulnerable to fire.
You are immune to poison.
Your flesh is cold resistant. (rC+)
You are immune to negative energy. (rN+++)
You are immune to unholy pain and torment.
You can survive without breathing.


Message History

The adder bites you but does no damage. Something hits you but does no damage.
You miss the adder.
The adder is heavily wounded.
The adder bites you but does no damage. Something hits you but does no damage.
The adder closely misses you.
You slash something! Something hits you!
The adder bites you but does no damage.
You hit something. The adder bites you but does no damage. Something hits you!
The adder bites you but does no damage.
You closely miss something. Something hits you.
* * * LOW HITPOINT WARNING * * *
The adder bites you.
* * * LOW HITPOINT WARNING * * *
You slash something! Something hits you but does no damage.
The adder barely misses you. Something hits you!
* * * LOW HITPOINT WARNING * * *
You closely miss something.
The adder bites you but does no damage. x2
Something hits you!
You die...
Your body crumbles into a pile of gold.

#...........#.<.......#
###.#.#.#.#.##.........#
#............#.........#
#.#.#.#.#.#.########'###
#............# #...#
#.#.#.#.#.#.### #.### #
+....).......# #.#
#..#.#.#.#.#{#.####.###
#..(.).......@$#<.....#
#..#.#.#.#.#.#S.......#
# ......####.###......#
#.......# ...........#
#.......+
..####....>.####.
#.......####
#........... #........
.###......####. #####
### #...............
#..#####'#######


You could see an adder.

Vanquished Creatures
  A hydra (D:11)
  2 centaur warriors
  The ghost of zkyp the Grappler, a novice TrAr (D:9)
  A deep elf mage (D:10)
  An ugly thing (D:11)
  A black mamba (Lair:1)
  Psyche (D:9)
  2 kobold demonologists
  A spiny frog (D:9)
  A merfolk (D:10)
  A troll (D:9)
  3 hornets
  Prince Ribbit (D:7)
  A hippogriff (Lair:1)
  Sigmund (D:4)
  14 yaks
  A wyvern (D:10)
  Eustachio (D:4)
  Edmund (D:6)
  Duvessa (D:4)
  A porcupine (Lair:1)
  2 ice beasts
  5 sky beasts
  2 orc warriors
  3 phantoms
  4 necrophages
  3 black bears
  6 wolves (Lair:1)
  8 ogres
  3 centaurs
  2 crocodiles (Lair:1)
  11 bullfrogs
  Dowan (D:4)
  5 scorpions
  A killer bee (D:11)
  5 wights
  An electric eel (Lair:1)
  5 howler monkeys
  3 crimson imps
  3 centaur zombies
  A quasit (D:5)
  2 jellies (D:6)
  4 orc priests
  A centaur skeleton (D:9)
  4 hounds
  2 bullfrog skeletons
  2 iguanas
  4 orc wizards
  Ijyb (D:3)
  8 worker ants
  A hound skeleton (D:6)
  4 gnolls
  11 adders
  2 shadow imps
  5 worms
  2 adder skeletons
  2 dart slugs
  8 leopard geckos
  33 orcs
  A ball python (D:2)
  3 giant cockroaches
  18 goblins
  4 hobgoblins
  9 jackals
  3 quokkas
  8 bats
  11 frilled lizards
  A jackal skeleton (D:7)
  A jackal zombie (D:8)
  4 kobolds
  A quokka skeleton (D:7)
  15 rats
287 creatures vanquished.

Notes
Turn   | Place    | Note
-------+----------+-------------------------------------------
     0 | D:1      | HungrySpirit the Mummy Gladiator began the quest for the Orb.
     0 | D:1      | Reached XP level 1. HP: 16/16 MP: 1/1
   247 | D:1      | Reached XP level 2. HP: 20/22 MP: 2/2
   417 | D:1      | Reached skill level 3 in Staves
   908 | D:2      | Reached XP level 3. HP: 22/27 MP: 3/3
  1353 | D:2      | Reached skill level 4 in Staves
  1518 | D:2      | Reached XP level 4. HP: 33/33 MP: 4/4
  2324 | D:3      | Reached XP level 5. HP: 21/38 MP: 5/5
  2571 | D:3      | Noticed a necrophage
  2587 | D:3      | Killed a necrophage
  2587 | D:3      | Reached skill level 5 in Staves
  2891 | D:3      | Reached XP level 6. HP: 42/44 MP: 6/6
  2944 | D:3      | Found a white marble altar of Elyvilon.
  2952 | D:3      | Found a shimmering altar of Xom.
  2956 | D:3      | Found an iron altar of Okawaru.
  2956 | D:3      | Found a shadowy altar of Dithmenos.
  2956 | D:3      | Found a burning altar of Makhleb.
  2956 | D:3      | Found a snail-covered altar of Cheibriados.
  2956 | D:3      | Found a shattered altar of Ashenzari.
  2958 | D:3      | Found a deep blue altar of Sif Muna.
  2960 | D:3      | Found a glowing golden altar of the Shining One.
  3142 | D:3      | Noticed Ijyb
  3161 | D:3      | Killed Ijyb
  3293 | D:4      | Reached skill level 6 in Staves
  3699 | D:4      | Found a staircase to the Ecumenical Temple.
  3703 | D:4      | Noticed Sigmund
  3705 | Temple   | Entered the Ecumenical Temple
  3735 | Temple   | Became a worshipper of Gozag Ym Sagoz the Greedy
  4067 | D:4      | Killed Sigmund
  4067 | D:4      | Reached XP level 7. HP: 40/50 MP: 7/7
  4107 | D:4      | Noticed Eustachio
  4125 | D:4      | Killed Eustachio
  4125 | D:4      | Reached skill level 7 in Staves
  4289 | D:4      | Noticed Duvessa
  4292 | D:4      | Noticed Dowan
  4317 | D:4      | Killed Duvessa
  4520 | D:4      | Killed Dowan
  4845 | D:4      | Found a sacrificial altar of Ru.
  4905 | D:5      | Entered Level 5 of the Dungeon
  4949 | D:5      | Reached skill level 8 in Staves
  5088 | D:5      | Reached XP level 8. HP: 39/56 MP: 8/8
  5194 | D:5      | Found a shimmering altar of Xom.
  5339 | D:5      | Found Ferr's Book Emporium.
  5529 | D:5      | Reached skill level 9 in Staves
  6840 | D:6      | Reached skill level 10 in Staves
  6840 | D:6      | Reached XP level 9. HP: 47/64 MP: 9/9
  7608 | D:6      | Noticed Edmund
  7623 | D:6      | Killed Edmund
  8161 | D:7      | Noticed Prince Ribbit
  8212 | D:7      | Killed Prince Ribbit
  8554 | D:7      | Reached skill level 5 in Fighting
  8554 | D:7      | Reached skill level 11 in Staves
  8953 | D:8      | Noticed an ice devil
  8953 | D:8      | Noticed an ice devil
  8953 | D:8      | Noticed an ice devil
  8954 | D:8      | Noticed an ice devil
  8963 | D:8      | Noticed an ice statue
  8963 | D:8      | Noticed an ice devil
  9050 | D:8      | Reached skill level 1 in Armour
  9301 | D:8      | Noticed a kobold demonologist
  9314 | D:8      | Killed a kobold demonologist
  9314 | D:8      | Reached XP level 10. HP: 67/75 MP: 10/10
  9891 | D:9      | Noticed Psyche
  9901 | D:9      | Killed Psyche
 10215 | D:9      | Noticed zkyp's ghost (novice TrAr)
 10220 | D:9      | Noticed a rust devil
 11482 | D:9      | Killed zkyp's ghost
 11482 | D:9      | Reached skill level 12 in Staves
 11742 | D:10     | Entered Level 10 of the Dungeon
 11751 | D:10     | Noticed a spiny frog
 11921 | D:10     | Noticed a deep elf mage
 11935 | D:10     | Killed a deep elf mage
 11977 | D:10     | Reached XP level 11. HP: 38/84 MP: 11/11
 12649 | D:10     | Found a staircase to the Lair.
 12827 | D:10     | Noticed a centaur warrior
 12853 | D:10     | Killed a centaur warrior
 13760 | D:10     | Found Xymu's Assorted Antiques.
 13767 | D:10     | Identified a scroll of acquirement
 13863 | D:10     | Reached skill level 5 in Armour
 13868 | D:10     | Reached skill level 13 in Staves
 14149 | D:11     | Noticed a purple ugly thing
 14161 | D:11     | Killed a purple ugly thing
 14177 | D:11     | Noticed a five-headed hydra
 14230 | Lair:1   | Entered Level 1 of the Lair of Beasts
 14779 | Lair:1   | Noticed a seven-headed hydra
 15035 | D:11     | Killed a five-headed hydra
 15187 | D:11     | Noticed a centaur warrior
 15193 | D:11     | Killed a centaur warrior
 15203 | D:11     | Slain by a shadow wraith

Skill      XL: |  1  2  3  4  5  6  7  8  9 10 11 |
---------------+----------------------------------+-----
Staves         | 3 4 5 6 8 10 11 12 13 | 13.4
Fighting       | 3 5 7 8 |  8.6
Armour         | 1 4 5 |  5.7
Throwing       | |  1.5
Dodging        | |  2.4

Action                   |  1- 3 |  4- 6 |  7- 9 | 10-12 || total
-------------------------+-------+-------+-------+-------++-------
Melee: Quarterstaff      |   111 |   184 |   467 |   442 ||  1204
       Lajatang          |       |       |       |    91 ||    91
Throw: Throwing net      |       |     2 |       |       ||     2
Invok: Potion Petition   |       |     1 |       |       ||     1
       Call Merchant     |       |       |     1 |       ||     1
Evoke: Wand              |       |       |    18 |    14 ||    32
  Use: Scroll            |       |       |    16 |     2 ||    18
 Stab: Distracted        |       |       |       |     1 ||     1
Armor: Leather armour    |    22 |       |       |       ||    22
       Chain mail        |    32 |   103 |       |       ||   135
       Ring mail         |       |    26 |   117 |       ||   143
       Plate armour      |       |       |    72 |   268 ||   340
Dodge: Dodged            |    60 |   124 |   206 |   154 ||   544
